 Dungeon Crawl Stone Soup version 0.26.0-3-g156281e41b (webtiles) character file.

Game seed: 14453897365816533725

2376 Destapler the Cleaver (level 9, 0/81 HPs)
             Began as a Hill Orc Fighter on Jan 9, 2021.
             Was a Follower of Beogh.
             Slain by an orc warrior
             ... wielding a +0 scimitar
              (14 damage)
             ... on level 8 of the Dungeon.
             The game lasted 00:12:25 (5839 turns).

Destapler the Cleaver (Hill Orc Fighter)            Turns: 5839, Time: 00:12:27

Health: 0/81       AC: 14    Str: 22    XL:     9   Next: 45%
Magic:  19/19      EV:  9    Int:  8    God:    Beogh [*.....]
Gold:   34         SH:  8    Dex: 10    Spells: 8/8 levels left

rFire    + . .     SeeInvis +   a - +0 war axe (vorpal)
rCold    . . .     Faith    .   M - +3 buckler "Kilol" {MP+9 SInv}
rNeg     . . .     Spirit   .   b - +0 scale mail
rPois    .         Reflect  .   n - +0 helmet
rElec    .         Harm     .   J - +1 cloak
rCorr    .         Rampage  .   q - +0 pair of gloves
Will     +....                  z - +1 pair of boots
Stlth    ..........             v - amulet of regeneration
HPRegen  0.63/turn              h - ring of willpower
MPRegen  0.16/turn              t - ring of protection from fire

@: mighty
A: no striking features
a: Renounce Religion


You were on level 8 of the Dungeon.
You worshipped Beogh.
Beogh was aware of your devotion.
You visited 1 branch of the dungeon, and saw 8 of its levels.

You collected 203 gold pieces.
You spent 169 gold pieces at shops.

Inventory:

Hand Weapons
 a - a +0 vorpal war axe (weapon)
 o - a +5 scythe of freezing
Armour
 b - a +0 scale mail (worn)
 c - a +0 kite shield
 n - a +0 helmet (worn)
 q - a +0 pair of gloves (worn)
 z - a +1 pair of boots (worn)
 J - a +1 cloak (worn)
 M - the +3 buckler "Kilol" (worn) {MP+9 SInv}
   (You found it on level 7 of the Dungeon)

   It affects your magic capacity (+9).
   It lets you see invisible.
Jewellery
 h - a ring of willpower (left hand)
 t - a ring of protection from fire (right hand)
 v - an amulet of regeneration (around neck)
 E - an uncursed ring of flight
Wands
 p - a wand of digging (7)
 w - a wand of flame (10) (quivered)
 K - a wand of paralysis (5)
Scrolls
 e - 3 scrolls of teleportation {unknown}
 f - 3 scrolls of fear {unknown}
 g - 4 scrolls of enchant weapon {unknown}
 i - 3 scrolls of amnesia {unknown}
 k - a scroll of vulnerability {unknown}
 u - a scroll of magic mapping {unknown}
 x - 2 scrolls of noise {unknown}
 y - 2 scrolls of remove curse {unknown}
 B - 2 scrolls of immolation {unknown}
 C - 5 scrolls of identify {unknown}
 D - a scroll of enchant armour {unknown}
 F - 2 scrolls of random uselessness {unknown}
 I - a scroll of fog {unknown}
Potions
 d - a potion of might
 j - 4 potions of degeneration {unknown}
 l - a potion of haste {unknown}
 m - a potion of heal wounds {unknown}
 r - 2 potions of berserk rage {unknown}
 s - 2 potions of resistance {unknown}
 A - 2 potions of cancellation {unknown}
 G - a potion of curing {unknown}
 H - a potion of flight {unknown}
 L - a potion of brilliance {unknown}


   Skills:
 + Level 8.2 Fighting
 + Level 8.6 Axes
 + Level 5.5 Armour
 + Level 7.6 Shields
 + Level 2.5 Invocations
 + Level 3.6 Evocations


You had 8 spell levels left.
You didn't know any spells.
Your spell library contained the following spells:

 Spells                   Type           Power        Failure   Level
 Foxfire                  Conj/Fire      0%           71%         1
 Conjure Flame            Conj/Fire      0%           97%         3
 Inner Flame              Hex/Fire       0%           97%         3
 Sticky Flame             Conj/Fire      0%           100%        4
 Fireball                 Conj/Fire      0%           100%        5


Dungeon Overview and Level Annotations

Branches:
Dungeon (8/15)             Temple (0/1) D:7
   Lair: D:8-11

Altars:
The Shining One

Shops:
D:5 (


Message History

The orc warrior hits you with a +0 scimitar!!
You closely miss the orc warrior.
The orc warrior is severely wounded.
You hit the wyvern. The wyvern bites you! You block the orc warrior's attack.
You hit the orc warrior but do no damage.
The orc warrior is severely wounded.
You slash the wyvern! The wyvern bites you!
* * * LOW HITPOINT WARNING * * *
The wyvern bites you.
* * * LOW HITPOINT WARNING * * *
You block the orc warrior's attack.
You feel very mighty all of a sudden.
The wyvern bites you but does no damage.
You hit the orc warrior.
The orc warrior is almost dead.
You closely miss the wyvern. The wyvern bites you!
* * * LOW HITPOINT WARNING * * *
The orc warrior hits you with a +0 scimitar!
You die...
Beogh appreciates the orc warrior's killing of a heretic priest.

.........#
.........#
.........#
.........#
.........######
...............
..............#
......l@....#
......†.o..##
...............
.....?.........
.####.....#####
#.....# ##..#..
#..####


You could see an orc warrior and a wyvern.

Vanquished Creatures
  The ghost of qipq the Magician, a novice DESu of Gozag (D:7)
  Sigmund (D:2)
  An ice beast (D:7)
  An orc warrior (D:7)
  A sky beast (D:5)
  An ogre (D:5)
  A phantom (D:2)
  A necrophage (D:5)
  2 centaurs
  5 bullfrogs
  A water moccasin zombie (D:6)
  4 scorpions
  2 howler monkeys
  A bullfrog zombie (D:6)
  A bullfrog skeleton (D:5)
  4 hounds
  2 centaur skeletons
  2 orc wizards
  Terence (D:3)
  An iguana (D:6)
  2 worker ants (D:7)
  Natasha (D:2)
  A hound skeleton (D:6)
  8 adders
  3 shadow imps
  3 white imps
  3 oozes
  An adder skeleton (D:5)
  2 worms
  3 dart slugs
  3 leopard geckos
  15 orcs
  4 giant cockroaches
  8 goblins
  6 hobgoblins
  4 kobolds
  2 ball pythons
  3 bats
  2 frilled lizards
  6 goblin skeletons (D:6)
  2 goblin zombies (D:6)
  A hobgoblin zombie (D:6)
  A kobold zombie (D:6)
  2 leopard gecko skeletons (D:5)
  An orc skeleton (D:6)
  9 rats
130 creatures vanquished.

Vanquished Creatures (others)
  2 withered plants (D:7)
2 creatures vanquished.

Grand Total: 132 creatures vanquished

Notes
Turn   | Place    | Note
-------+----------+-------------------------------------------
     0 | D:1      | Destapler the Hill Orc Fighter began the quest for the Orb.
     0 | D:1      | Reached XP level 1. HP: 19/19 MP: 1/1
   179 | D:1      | Reached XP level 2. HP: 26/27 MP: 2/2
   532 | D:1      | Reached XP level 3. HP: 33/33 MP: 3/3
   827 | D:2      | Noticed Sigmund
   837 | D:2      | Killed Sigmund
   838 | D:2      | Reached XP level 4. HP: 24/41 MP: 4/4
   838 | D:2      | Reached XP level 5. HP: 27/47 MP: 5/5
  1186 | D:2      | Noticed a phantom
  1411 | D:2      | Killed a phantom
  1412 | D:2      | Reached skill level 5 in Fighting
  1412 | D:2      | Reached XP level 6. HP: 29/56 MP: 6/6
  1592 | D:2      | Noticed Natasha
  1596 | D:2      | Killed Natasha
  1859 | D:3      | Noticed Terence
  1870 | D:3      | Killed Terence
  1871 | D:3      | Reached skill level 5 in Axes
  2608 | D:4      | Reached skill level 5 in Armour
  2776 | D:4      | Reached skill level 5 in Shields
  2779 | D:4      | Reached skill level 1 in Evocations
  2779 | D:4      | Reached XP level 7. HP: 57/61 MP: 7/7
  2968 | D:5      | Entered Level 5 of the Dungeon
  3016 | D:5      | Found Ecit's Antique Weapon Shoppe.
  3143 | D:5      | Reached XP level 8. HP: 40/71 MP: 8/8
  3278 | D:5      | Became a worshipper of Beogh the Brigand
  3994 | D:6      | Found a glowing golden altar of the Shining One.
  4632 | D:7      | Reached XP level 9. HP: 50/81 MP: 9/9
  4785 | D:7      | Found a staircase to the Ecumenical Temple.
  4821 | D:7      | Got a polished buckler
  4902 | D:7      | Reached * piety under Beogh
  4961 | D:7      | Reached skill level 1 in Invocations
  4989 | D:7      | Found a runed translucent door.
  4989 | D:7      | Noticed qipq's ghost (novice DESu)
  5153 | D:7      | Killed qipq's ghost
  5467 | D:5      | Bought a glowing war axe for 169 gold pieces
  5479 | D:5      | Identified the +3 buckler "Kilol" {MP+9 SInv} (You found it
                  | on level 7 of the Dungeon)
  5839 | D:8      | Slain by an orc warrior

Illustrated notes

Levels and vault maps discovered:
D:1:      tarquinn_simple_flora_water_f, layout_loops_ring,
          chequers_serial_rivers_small_3
D:2:      layout_loops_cross, hangedman_decor_clover_reticule,
          minmay_tromino_i2, uniq_sigmund, uniq_natasha
D:3:      layout_loops_ring, uniq_terence
D:4:      layout_rooms, serial_forest, infiniplex_forest_lined_3,
          infiniplex_forest_straight_5, infiniplex_forest_pool,
          infiniplex_forest_straight_5, infiniplex_forest_clump_medium
D:5:      layout_rooms, serial_shops, shop
D:6:      layout_layer_cave, nicolae_tso_besieged_by_evil
D:7:      minmay_general_purpose_star, layout_loops_cross,
          minmay_temple_entry_arrows, gammafunk_ghost_grave
D:8:      layout_layer_cave, general_overflow_altar, dpeg_lair_monsters,
          uniq_psyche

Skill      XL: |  1  2  3  4  5  6  7  8  9 |
---------------+----------------------------+-----
Axes           | 3 4 5 6 8 |  8.6
Fighting       | 4 5 6 7 8 |  8.2
Armour         | 4 5 |  5.5
Shields        | 4 5 7 |  7.6
Evocations     | 1 2 3 |  3.6
Invocations    | 2 |  2.5

Action                   |  1- 3 |  4- 6 |  7- 9 || total
-------------------------+-------+-------+-------++-------
Melee: War axe           |    80 |   139 |   294 ||   513
Invok: Convert to Beogh  |       |       |     1 ||     1
Evoke: Wand              |       |       |     2 ||     2
  Use: Potion            |       |       |     1 ||     1
Armor: Scale mail        |    33 |    53 |   137 ||   223
Dodge: Dodged            |    17 |    46 |    67 ||   130
Block: Kite shield       |    32 |    61 |   150 ||   243
       Buckler           |       |       |    13 ||    13
